 Dungeon Crawl Stone Soup version 0.31.0-12-g77e489cdc1 (webtiles) character file.

Game seed: 4448075391857169062

2201 Gadfly the Trooper (level 9, 0/93 HPs)
             Began as an Oni Berserker on Feb 23, 2024.
             Was a Priest of Trog.
             Slain by an orc
             ... wielding a +0 trident
              (5 damage)
             ... on level 6 of the Dungeon.
             The game lasted 00:13:21 (6473 turns).

Gadfly the Trooper (Oni Berserker)                  Turns: 6473, Time: 00:13:22

Health: 0/93       AC:  3    Str: 25    XL:     9   Next: 34%
Magic:  9/9        EV: 10    Int:  8    God:    Trog [***...]
Gold:   189        SH:  0    Dex: 10    Spells: 8/8 levels left

rFire   + . .        b - +1 whip (elec)
rCold   . . .        (no shield)
rNeg    + . .        k - +0 animal skin
rPois   .            (helmet restricted)
rElec   .            f - scarf {shadows}
rCorr   .            (gloves unavailable)
SInv    +            (boots unavailable)
Will    +....        (no amulet)
Stlth   +            e - ring of protection from fire
HPRegen 0.35/turn    n - ring of positive energy
MPRegen 0.11/turn

%: no passive effects
@: no status effects
A: large, unfitting armour, horns 1, tough skin 1, double potion healing,
drunken brawling, see invisible, strong-willed 1, teleportitis 1
a: Renounce Religion, Berserk, Trog's Hand


You were on level 6 of the Dungeon.
You worshipped Trog.
Trog was most pleased with you.
You visited 1 branch of the dungeon, and saw 6 of its levels.
You also visited: Sewer.

You collected 189 gold pieces.

Inventory:

Hand Weapons
 a - a +0 morningstar
 b - a +1 whip of electrocution (weapon)
 c - a +0 mace
 d - a +0 whip of freezing
 h - a +0 flail
 r - the +4 dagger of the Fortifying Gods {elec, *Corrode rC+ rN++}
   (You found it on level 3 of the Dungeon)

   rC+:       It protects you from cold.
   rN++:      It greatly protects you from negative energy.
   *Corrode:  It may corrode you when you take damage.
 s - a +0 whip of holy wrath
Armour
 f - a scarf of shadows (worn)
 k - a +0 animal skin (worn)
Jewellery
 e - a ring of protection from fire (left hand)
 n - a ring of positive energy (right hand)
Wands
 m - a wand of charming (11)
Potions
 g - a potion of cancellation
 i - a potion of resistance
 o - a potion of curing


   Skills:
 + Level 7.3 Fighting
 * Level 7.1 Maces & Flails
 * Level 5.6 Armour
 - Level 2.6 Dodging
 * Level 5.2 Evocations


You had 8 spell levels left.
You didn't know any spells.
Your spell library was empty.

Dungeon Overview and Level Annotations

Branches:
Dungeon (6/15)              Sewer (visited)
 Temple: D:4-7

Altars:
Cheibriados
Dithmenos
Nemelex Xobeh
Qazlal
Uskayaw
Wu Jian
The Shining One

Shops:
D:2 (   D:3 (


Innate Abilities, Weirdness & Mutations

You are too large for most types of armour.
You have a pair of small horns on your head.
You have tough skin. (AC +1)
You gain doubled healing and magic from potions.
Whenever you drink a healing potion, you attack all around you.
You have supernaturally acute eyesight. (SInv)
You are strong-willed. (Will+)
You are occasionally teleported next to monsters.


Message History

You feel yourself slow down.
You see here a +0 leather armour.
You open the door.
Found 17 gold pieces.
There is an open door here.
As you open the large door, it creaks loudly!
Found a glowing golden altar of the Shining One.
Found an escape hatch in the floor.
Found a scroll of vulnerability.
An orc comes into view.
It is wielding a +0 trident and quivering a throwing net.
The gnoll shouts!
The orc shouts!
The gnoll barely misses you.
The orc hits you from afar with a +0 trident.
* * * LOW HITPOINT WARNING * * *
The gnoll hits you with a +0 spear.
* * * LOW HITPOINT WARNING * * *
The orc hits you with a +0 trident.
* * * LOW HITPOINT WARNING * * *
The gnoll hits you from afar with a +0 spear.
* * * LOW HITPOINT WARNING * * *
The orc barely misses you.
The orc hits you from afar with a +0 trident.
* * * LOW HITPOINT WARNING * * *
You see here a scroll of vulnerability.
The gnoll barely misses you.
The orc throws a throwing net.
The throwing net closely misses you.
Things that are here:
a +0 dagger; a +0 robe
Items here: ) [ ††.
You see here a +0 scale mail.
The orc attacks as it pursues you!
The orc hits you from afar with a +0 trident.
* * * LOW HITPOINT WARNING * * *
The orc attacks as it pursues you!
The orc hits you from afar with a +0 trident.
* * * LOW HITPOINT WARNING * * *
The orc attacks as it pursues you! The orc hits you but does no damage.
There is a stone staircase leading up here.
The orc hits you from afar with a +0 trident.
You die...

###.####..... ##.#
..... #g.# .....#
#.## .....# #g#
..... #.# #.#
##### #.####...#
#.o.@..#.######
#####.........##
#...........#
#.......##..####.#
#..........<.....#
##.....###..######
##.........#
###.......#
#########


You could see an orc.

Vanquished Creatures
  Pikel (D:6)
  Menkaure (D:4)
  An orc warrior (D:6)
  A black bear (D:6)
  An ogre (D:5)
  A centaur (D:4)
  2 phantoms
  A scorpion (D:5)
  7 hounds
  7 orc priests
  A bombardier beetle (D:5)
  2 gnoll boudas (D:6)
  2 sleepcaps
  6 orc wizards
  A hell rat (Sewer)
  15 adders
  3 river rats (Sewer)
  5 gnolls
  2 white imps (D:5)
  2 ufetubi (D:5)
  3 ribbon worms
  2 dart slugs
  20 orcs
  8 endoplasms
  3 giant cockroaches
  6 hobgoblins
  7 kobolds
  7 quokkas
  5 ball pythons
  4 bats (D:1)
  4 frilled lizards (D:1)
  6 goblins
  4 rats
141 creatures vanquished.

Notes
Turn   | Place    | Note
-------+----------+-------------------------------------------
     0 | D:1      | Gadfly the Oni Berserker began the quest for the Orb.
     0 | D:1      | Reached XP level 1. HP: 24/24 MP: 1/1
   140 | D:1      | Reached XP level 2. HP: 32/32 MP: 2/2
   335 | D:1      | Reached ** piety under Trog
   588 | D:1      | Reached skill level 1 in Armour
   588 | D:1      | Reached skill level 1 in Evocations
   588 | D:1      | Reached XP level 3. HP: 39/39 MP: 3/3
  1071 | D:2      | Found Futhaeni's Antique Weapon Shoppe.
  1459 | D:2      | Reached XP level 4. HP: 21/49 MP: 4/4
  1935 | D:3      | Gained mutation: You are occasionally teleported next to
                  | monsters. [potion of mutation]
  1935 | D:3      | Gained mutation: You are strong-willed. (Will+) [potion of
                  | mutation]
  1935 | D:3      | Gained mutation: You have supernaturally acute eyesight.
                  | (SInv) [potion of mutation]
  2041 | D:3      | Reached XP level 5. HP: 35/55 MP: 5/5
  2089 | D:3      | Found a glowing drain.
  2231 | Sewer    | Entered a sewer
  2609 | D:3      | Found Gyhem's Weapon Emporium.
  2838 | D:3      | Reached skill level 5 in Fighting
  2838 | D:3      | Reached XP level 6. HP: 50/66 MP: 6/6
  3062 | D:3      | Identified the +4 dagger of the Fortifying Gods {elec,
                  | *Corrode rC+ rN++}
  3129 | D:3      | Found a stormy altar of Qazlal.
  3273 | D:3      | Reached *** piety under Trog
  3393 | D:4      | Reached XP level 7. HP: 19/72 MP: 7/7
  3427 | D:4      | Reached skill level 5 in Maces & Flails
  3570 | D:4      | Found a shadowy altar of Dithmenos.
  3893 | D:4      | Noticed Menkaure
  3903 | D:4      | Killed Menkaure
  4112 | D:4      | Found an ornate altar of the Wu Jian Council.
  4631 | D:5      | Entered Level 5 of the Dungeon
  4672 | D:5      | Reached XP level 8. HP: 68/83 MP: 8/8
  4731 | D:5      | Found a sparkling altar of Nemelex Xobeh.
  4927 | D:5      | HP: 2/83 [scorpion (7)]
  5152 | D:5      | Found a hide-covered altar of Uskayaw.
  5986 | D:5      | Found a snail-covered altar of Cheibriados.
  6234 | D:6      | Noticed Pikel
  6249 | D:6      | Killed Pikel
  6250 | D:6      | Reached skill level 5 in Armour
  6250 | D:6      | Reached XP level 9. HP: 59/93 MP: 9/9
  6260 | D:6      | Reached skill level 5 in Evocations
  6432 | D:6      | Found a glowing golden altar of the Shining One.
  6439 | D:6      | HP: 4/93 [orc/+0 trident (5)]
  6469 | D:6      | HP: 4/93 [orc/+0 trident (5)]
  6473 | D:6      | Slain by an orc

Illustrated notes

Levels and vault maps discovered:
D:1:      dpeg_arrival_chambers_temple_mockup, layout_basic, st_stairs_10,
          minmay_misc_feat_five
D:2:      wad_lake_hut, layout_rooms, serial_shops, shop
D:3:      minmay_general_purpose_star, layout_rooms,
          nicolae_qazlal_general_emergency, gup_sewer_entry_glass, serial_shops,
          nicolae_square_shop
D:4:      layout_rooms, mainiacjoe_overflow_catwalk, serial_rivers,
          chequers_serial_rivers_small_3, chequers_serial_rivers_large_a,
          chequers_serial_rivers_micro_b, chequers_serial_rivers_micro_c,
          minmay_ruined_shrine, uniq_menkaure
D:5:      layout_loops_cross, slow_altar_2, mainiacjoe_overflow_six_doors_small,
          overflow_temple_1_default, cheibrodos_gnoll_hut
D:6:      layout_loops_cross, general_overflow_altar,
          minmay_temple_entry_poolview, dk_noncrumbling_3,
          minmay_fractal_squares_diagonal_5, uniq_maggie, uniq_pikel

Skill      XL: |  1  2  3  4  5  6  7  8  9 |
---------------+----------------------------+-----
Armour         | 1 2 3 4 5 |  5.6
Evocations     | 1 2 3 4 5 |  5.2
Maces & Flails | 4 5 6 7 |  7.1
Fighting       | 5 6 7 |  7.3
Dodging        | |  2.6

Action                     |  1- 3 |  4- 6 |  7- 9 || total
---------------------------+-------+-------+-------++-------
  Melee: Mace              |   122 |    37 |       ||   159
         Headbutt          |     8 |    30 |    52 ||    90
         Punch             |     1 |       |     2 ||     3
         Morningstar       |       |   102 |    22 ||   124
         Whip              |       |       |   189 ||   189
         Dagger            |       |       |    65 ||    65
 Invoke: Berserk           |       |     1 |     2 ||     3
         Trog's Hand       |       |       |     1 ||     1
    Use: Scroll            |     2 |     7 |     5 ||    14
         Potion            |       |     3 |     7 ||    10
 Armour: Animal skin       |    90 |   126 |   245 ||   461
  Dodge: Dodged            |    78 |    92 |   164 ||   334
